 Dungeon Sprint DCSS version 0.27.1-1-g398f81649c (webtiles) character file.

Game seed: 828072879060520364

2937 styxcanada the Imperceptible (level 9, -12/48 HPs)
             Began as a Spriggan Brigand on Sept 17, 2021.
             Was an Initiate of Gozag.
             Killed by angry trees
             ... awakened by a spriggan druid
              (15 damage)
             ... in the Dungeon (Sprint IV: "Fedhas' Mad Dash").
             The game lasted 00:05:06 (713 turns).

styxcanada the Imperceptible (Spriggan Brigand)      Turns: 713, Time: 00:05:07

Health: -12/48     AC:  5    Str:  7    XL:     9   Next: 51%
Magic:  19/19      EV: 23    Int: 13    God:    Gozag
Gold:   1268       SH:  7    Dex: 19    Spells: 15/20 levels left

rFire    . . .     SeeInvis +   a - +2 dagger
rCold    . . .     Faith    .   m - +0 buckler
rNeg     . . .     Spirit   .   b - +0 robe
rPois    .         Reflect  .   (helmet restricted)
rElec    .         Harm     .   c - +2 cloak
rCorr    .         Rampage  .   (gloves unavailable)
Will     +....     NoTele   +   (boots unavailable)
Stlth    ++++++++..             j - amulet of invisibility {+Inv}
HPRegen  0.16/turn              (no ring)
MPRegen  0.16/turn              (no ring)

@: very slightly contaminated, invisible (expiring), very quick
A: very small, no large weapons, unfitting armour, see invisible, speed 3
a: Renounce Religion, Evoke Invisibility, Potion Petition, Call Merchant, Bribe
Branch


You were in the Dungeon.
You worshipped Gozag.
Gozag was most pleased with you.
You visited 1 branch You collected 1557 gold pieces.
You spent 289 gold pieces at shops.

Inventory:

Hand Weapons
 a - a +2 dagger (weapon)
Missiles
 d - 5 poisoned darts (quivered)
 e - 2 curare-tipped darts
 n - 25 stones
Armour
 b - a +0 robe (worn)
 c - a +2 cloak (worn)
 m - a +0 buckler (worn)
Jewellery
 j - the amulet of invisibility (around neck) {+Inv}
   (You found it in the Dungeon)

   [amulet of nothing]

   +Inv:      It lets you turn invisible.
Scrolls
 k - a scroll of blinking
Potions
 f - a potion of curing
 g - a potion of heal wounds
 h - a potion of haste
 i - 2 potions of magic
Miscellaneous
 l - a phantom mirror
 o - a condenser vane


   Skills:
 * Level 5.7 Fighting
 + Level 5.2 Short Blades
 + Level 3.9 Throwing
 * Level 8.8 Dodging
 * Level 22.0 Stealth
 * Level 3.9 Shields
 * Level 6.1 Spellcasting
 * Level 6.1 Hexes
 * Level 8.5 Evocations


You had 15 spell levels left.
You knew the following spells:

 Your Spells              Type           Power      Damage    Failure   Level
a - Slow                  Hex            19%        N/A       2%          2
b - Confusing Touch       Hex            19%        N/A       4%          3

Your spell library contained the following spells:

 Spells                   Type           Power      Damage    Failure   Level
 Vampiric Draining        Necr           1%         2d6       52%         3


Dungeon Overview and Level Annotations

Branches:
Dungeon (1/1)

Altars:
Cheibriados
Dithmenos
Elyvilon
Gozag
Hepliaklqana
Kikubaaqudgha
Makhleb
Nemelex Xobeh
Okawaru
Qazlal
Ru
Sif Muna
Trog
Uskayaw
Vehumet
Wu Jian
Xom
Yredelemnul
Zin
The Shining One
Beogh
Jiyva
Lugonu

Shops:
D :*=:


Innate Abilities, Weirdness & Mutations

You are very small and have problems with some larger weapons.
You are too small for most types of armour.
You have supernaturally acute eyesight. (SInv)
You cover ground extremely quickly. (Speed+++)


Message History

You are very lightly contaminated with residual magic.
As you open the door, it creaks loudly!
Found a potion of curing.
There is an open door here.
Found 14 gold pieces.
A spriggan druid comes into view.
It is wielding a +2 quarterstaff of distortion.
Found 23 stones.
The spriggan druid gestures at you while chanting.
The stone arrow hits you!!
Ouch! That really hurt!
* * * LOW HITPOINT WARNING * * *
You see here 3 gold pieces.
You flicker for a moment.
The spriggan druid calls out to the beasts of the wild!
Throw: 8 darts (poison)
Press: ? - help, Q - select action, (/) - cycle Shift-Dir - straight line, f - spriggan druid
Aim: a spriggan druid, wielding a +2 quarterstaff of distortion and wearing a +0 robe (38% to hit)
You throw a poisoned dart.
The poisoned dart barely misses the spriggan druid.
The spriggan druid gestures wildly while chanting.
The forest starts to sway and rumble!
Throw: 7 darts (poison)
Press: ? - help, Q - select action, (/) - cycle Shift-Dir - straight line, f/p - spriggan druid
Aim: a spriggan druid, wielding a +2 quarterstaff of distortion and wearing a +0 robe (38% to hit)
You throw a poisoned dart.
The poisoned dart completely misses the spriggan druid.
A tree reaches out and hits you!
* * * LOW HITPOINT WARNING * * *
The spriggan druid casts a spell at you.
The stone arrow misses you.
Throw: 6 darts (poison)
Press: ? - help, Q - select action, (/) - cycle Shift-Dir - straight line, f/p - spriggan druid
Aim: a spriggan druid, wielding a +2 quarterstaff of distortion and wearing a +0 robe (38% to hit)
You throw a poisoned dart.
The poisoned dart hits the spriggan druid.
The spriggan druid is poisoned.
A root lunges up near you. A tree reaches out and hits you!
You die...
Your body crumbles into a pile of gold.

#################################
#<..P#....†#.....#.⌠._._._._.⌠.#.
#PP..'.....'.#)..'.._._._._._..'.
#PPPP#.....#.#...#..._._._._...#.
###############'##.._._._._._..#.
#...♣........'...#._._._._._.⌠.##
#......♣.....#...###############*
#.....♣..♣..######♣♣♣♣♣..♣(#**,+,
##'####'######..@..i.((♣..♣#*,,*,
#..#....'.......#♣..♣♣♣.♣..#**,**
#.(#..###.......#.♣♣.!♣.$$♣+,,$**
#######*##########**#######*****,
*,,,,,,,,,,,,,,,,,,,,,,* ***,,*
*∩,,,,,,,,,,,,,,,,,,,,,*****,,,*,
*∩,,,,,,,,,,,,,,,,,,,,,,,,,,,,,,*
*∩,,,,,,,,,,,,,,,,,,,,,,,********
***********+************** ******


You could see a spriggan druid (poisoned).

Vanquished Creatures
  2 oklob plants (D)
  3 burning bushes (D)
  3 wandering mushrooms (D)
  A queen bee (D)
  3 scorpions (D)
  4 killer bees (D)
  5 oklob saplings (D)
  2 spriggans (D)
  A river rat (D)
  A rat (D)
25 creatures vanquished.

Notes
Turn   | Place    | Note
-------+----------+-------------------------------------------
     0 | D        | styxcanada the Spriggan Brigand began the quest for the
                  | Orb.
     0 | D        | Reached XP level 1. HP: 10/10 MP: 2/2
     9 | D        | Reached skill level 7 in Stealth
     9 | D        | Reached XP level 2. HP: 15/15 MP: 3/3
    11 | D        | Reached skill level 8 in Stealth
    17 | D        | Noticed an oklob sapling
    23 | D        | Killed an oklob sapling
    24 | D        | Reached skill level 10 in Stealth
    24 | D        | Reached XP level 3. HP: 18/18 MP: 4/4
    25 | D        | Noticed a scorpion
    25 | D        | Found the amulet of invisibility {+Inv}
    33 | D        | Killed a scorpion
    34 | D        | Reached skill level 12 in Stealth
    34 | D        | Reached XP level 4. HP: 20/23 MP: 5/5
   178 | D        | Found an opulent altar of Gozag.
   178 | D        | Found a hazy altar of Hepliaklqana.
   178 | D        | Found a burning altar of Makhleb.
   178 | D        | Found a sparkling altar of Nemelex Xobeh.
   178 | D        | Found a snail-covered altar of Cheibriados.
   178 | D        | Found a sacrificial altar of Ru.
   178 | D        | Found a shimmering blue altar of Sif Muna.
   178 | D        | Found a shimmering altar of Xom.
   178 | D        | Found a basalt altar of Yredelemnul.
   179 | D        | Found a viscous altar of Jiyva.
   179 | D        | Found a bloodstained altar of Trog.
   179 | D        | Found an ornate altar of the Wu Jian Council.
   180 | D        | Found an iron altar of Okawaru.
   180 | D        | Found a shadowy altar of Dithmenos.
   180 | D        | Found a glowing silver altar of Zin.
   181 | D        | Found an ancient bone altar of Kikubaaqudgha.
   181 | D        | Found a hide-covered altar of Uskayaw.
   182 | D        | Found a stormy altar of Qazlal.
   182 | D        | Found a white marble altar of Elyvilon.
   182 | D        | Found a glowing golden altar of the Shining One.
   183 | D        | Became a worshipper of Gozag Ym Sagoz the Greedy
   184 | D        | Found a corrupted altar of Lugonu.
   184 | D        | Found a radiant altar of Vehumet.
   188 | D        | Reached skill level 13 in Stealth
   188 | D        | Reached XP level 5. HP: 28/28 MP: 3/6
   252 | D        | Reached skill level 5 in Dodging
   252 | D        | Reached skill level 14 in Stealth
   252 | D        | Reached skill level 1 in Evocations
   259 | D        | Reached skill level 15 in Stealth
   261 | D        | Reached XP level 6. HP: 33/33 MP: 5/7
   292 | D        | Found Oruqoemno's Assorted Antiques.
   293 | D        | Found Betam's Book Emporium.
   298 | D        | Bought a book of Debilitation for 220 gold pieces
   301 | D        | Learned a level 2 spell: Slow
   305 | D        | Learned a level 3 spell: Confusing Touch
   306 | D        | Bought a scroll labelled LACKYE MOITEA for 23 gold pieces
   306 | D        | Bought a scroll labelled LONEZUOD MOSIFEPN for 23 gold
                  | pieces
   306 | D        | Bought a scroll labelled DETWATEYKUHA for 23 gold pieces
   414 | D        | Noticed a burning bush
   414 | D        | Noticed a wandering mushroom
   415 | D        | Noticed a wandering mushroom
   418 | D        | Killed a burning bush
   419 | D        | Reached skill level 17 in Stealth
   419 | D        | Reached skill level 1 in Shields
   419 | D        | Killed a wandering mushroom
   420 | D        | Reached skill level 18 in Stealth
   420 | D        | Reached XP level 7. HP: 38/38 MP: 5/12
   420 | D        | Killed a wandering mushroom
   423 | D        | Reached skill level 19 in Stealth
   423 | D        | Reached XP level 8. HP: 42/42 MP: 5/14
   433 | D        | Found Xylepat's Book Emporium.
   433 | D        | Found Pomirero's Jewellery Shoppe.
   523 | D        | Noticed a queen bee
   530 | D        | Killed a queen bee
   531 | D        | Reached skill level 5 in Evocations
   533 | D        | Reached skill level 5 in Fighting
   536 | D        | Reached skill level 20 in Stealth
   583 | D        | Noticed an oklob plant
   586 | D        | Killed an oklob plant
   587 | D        | Reached skill level 5 in Spellcasting
   587 | D        | Reached skill level 5 in Hexes
   598 | D        | Noticed a burning bush
   601 | D        | Killed a burning bush
   602 | D        | Reached skill level 5 in Short Blades
   602 | D        | Reached skill level 21 in Stealth
   602 | D        | Reached XP level 9. HP: 47/47 MP: 15/17
   628 | D        | Noticed a burning bush
   628 | D        | Noticed an oklob plant
   629 | D        | Noticed a wandering mushroom
   630 | D        | Killed a burning bush
   635 | D        | Killed an oklob plant
   639 | D        | Killed a wandering mushroom
   640 | D        | Reached skill level 22 in Stealth
   699 | D        | Noticed a spriggan druid
   713 | D        | Killed from afar by a spriggan druid

Illustrated notes

Levels and vault maps discovered:
D:        dungeon_sprint_fedhas [sprint_temple]

Skill      XL: |  1  2  3  4  5  6  7  8  9 |
---------------+----------------------------+-----
Dodging        | 2 3 4 5 6 7 8 |  8.8
Stealth        | 7 10 12 13 15 18 19 21 22 | 22.0
Fighting       | 2 3 4 5 |  5.7
Short Blades   | 3 4 5 |  5.2
Evocations     | 1 4 6 8 |  8.5
Throwing       | 3 |  3.9
Shields        | 2 3 |  3.9
Spellcasting   | 3 5 6 |  6.1
Hexes          | 3 5 6 |  6.1

Action                   |  1- 3 |  4- 6 |  7- 9 || total
-------------------------+-------+-------+-------++-------
Melee: Dagger            |    11 |     7 |    14 ||    32
Throw: Dart              |     1 |       |     3 ||     4
 Abil: Evoke Invisibilit |       |     3 |     4 ||     7
  Use: Potion            |     1 |       |       ||     1
       Scroll            |       |     4 |       ||     4
 Stab: Sleeping          |     2 |     7 |    14 ||    23
Armor: Robe              |     1 |       |       ||     1
Dodge: Dodged            |     4 |       |     1 ||     5
